 Dungeon Crawl Stone Soup version 0.28.0-45-g0d030f2227 (webtiles) character file.

Game seed: 13889194722191497012

55 101zpm the Chiller (level 3, 0/19 HPs)
             Began as a Deep Elf Ice Elementalist on Apr 20, 2022.
             Succumbed to an adder's poison
             ... on level 2 of the Dungeon.
             The game lasted 00:01:45 (1843 turns).

101zpm the Chiller (Deep Elf Ice Elementalist)      Turns: 1843, Time: 00:01:46

Health: 0/19       AC:  2    Str:  5    XL:     3   Next: 67%
Magic:  7/10       EV: 13    Int: 21    God:
Gold:   144        SH:  0    Dex: 15    Spells: 8/9 levels left

rFire   . . .      SeeInvis .   c - +0 dagger (venom)
rCold   . . .      Faith    .   (no shield)
rNeg    . . .      Spirit   .   a - +0 robe
rPois   .          Reflect  .   (no helmet)
rElec   .          Harm     .   (no cloak)
rCorr   .          Rampage  .   (no gloves)
Will    .....                   (no boots)
Stlth   ++........              (no amulet)
HPRegen 0.06/turn               (no ring)
MPRegen 0.12/turn               (no ring)

@: lethally poisoned (0 -> -1)
A: no striking features
a: no special abilities


You were on level 2 of the Dungeon.
You visited 1 branch of the dungeon, and saw 2 of its levels.

You collected 144 gold pieces.

Inventory:

Hand Weapons
 c - a +0 dagger of venom (weapon)
Armour
 a - a +0 robe (worn)
Scrolls
 b - a scroll of teleportation {unknown}
 d - a scroll of identify {unknown}
Potions
 e - a potion of brilliance {unknown}


   Skills:
 + Level 0.9 Short Blades
 + Level 2.7 Dodging
 + Level 3.0 Stealth
 + Level 3.7 Spellcasting
 + Level 5.1 Ice Magic


You had 8 spell levels left.
You knew the following spells:

 Your Spells              Type           Power      Damage    Failure   Level
a - Freeze                Ice            100%       1d11      1%          1

Your spell library contained the following spells:

 Spells                   Type           Power      Damage    Failure   Level
 Frozen Ramparts          Ice            50%        1d7       4%          3
 Ozocubu's Armour         Ice            25%        N/A       4%          3
 Hailstorm                Conj/Ice       14%        3d5       41%         4


Dungeon Overview and Level Annotations

Branches:
Dungeon (2/15)

Altars:

Shops:
D:1 *


Message History

You are too injured to fight recklessly!
You are too injured to fight recklessly!
You are too injured to fight recklessly!
You are too injured to fight recklessly!
You are too injured to fight recklessly!
You are too injured to fight recklessly!
You are too injured to fight recklessly!
You are too injured to fight recklessly!
You are too injured to fight recklessly!
You are too injured to fight recklessly!
Aiming: Freeze (safe; 1% risk of failure)
Press: ? - help, Q - select action Shift-Dir - straight line, f - adder
Aim: an adder (moderately wounded, very poisoned)
You freeze the adder.
The adder is heavily wounded.
You feel sick. The adder misses you.
Aiming: Freeze (safe; 1% risk of failure)
Press: ? - help, Q - select action Shift-Dir - straight line, f/p - adder
Aim: an adder (severely wounded, very poisoned)
You freeze the adder.
The adder is almost dead.
The adder seems to slow down.
* * * LOW HITPOINT WARNING * * *
You feel sick.
You kill the adder!
Aiming: Freeze (safe; 1% risk of failure)
Press: ? - help, Q - select action Shift-Dir - straight line, f - endoplasm
Aim: an endoplasm You freeze the endoplasm!
You kill the endoplasm!
* * * LOW HITPOINT WARNING * * *
You feel sick.
Your Stealth skill increases to level 3!
* * * LOW HITPOINT WARNING * * *
You feel sick.
* * * LOW HITPOINT WARNING * * *
You feel sick.
* * * LOW HITPOINT WARNING * * *
You feel sick.
You die...

.#. ##..# #.# ##.# #.# ## ###
#.## #.#####. ..# #..##
#.#..... ## #.#
##..###...#### #.
#.#######.....### # #.
#.##......##.## # #####.#
#.##.####.#..####### .......
#..@.# #.#.##...... .......
###..#####......##.##
.......##....###....####...#.
.......)w.##.....#.#.........
.......###....#............##
................#####.######
..........###[#######.# ####
..$....### ##.....##..####...
...#### #.........###...##


You could see a worm.

Vanquished Creatures
  An adder (D:2)
  A worm (D:2)
  A dart slug (D:1)
  6 ball pythons
  4 bats
  6 endoplasms
  2 giant cockroaches
  3 goblins (D:1)
  2 hobgoblins
  5 kobolds
  A quokka (D:2)
  2 frilled lizards
  2 rats
36 creatures vanquished.

Notes
Turn   | Place    | Note
-------+----------+-------------------------------------------
     0 | D:1      | 101zpm the Deep Elf Ice Elementalist began the quest for
                  | the Orb.
     0 | D:1      | Reached XP level 1. HP: 10/10 MP: 6/6
   203 | D:1      | Found Wiburhunt's General Store.
   308 | D:1      | Reached XP level 2. HP: 12/15 MP: 5/8
   811 | D:1      | Reached skill level 5 in Ice Magic
  1297 | D:2      | Reached XP level 3. HP: 16/19 MP: 10/10
  1843 | D:2      | Succumbed to an adder's poison

Illustrated notes

Levels and vault maps discovered:
D:1:      lemuel_arrival_tunnels, layout_loops_ring, serial_shops, shop,
          minmay_pentomino_w2
D:2:      layout_rooms, chequers_mini_garden

Skill      XL: |  1  2  3 |
---------------+----------+-----
Ice Magic      | 5 |  5.1
Stealth        | 3 |  3.0
Short Blades   | |  0.9
Dodging        | |  2.7
Spellcasting   | |  3.7

Action                   || total
-------------------------++-------
Melee: Unarmed           ||     2
       Dagger            ||    73
 Cast: Freeze            ||    16
 Stab: Sleeping          ||     8
Armor: Robe              ||    14
Dodge: Dodged            ||    49
